[Event "*** Titled Tuesday Blitz"]
[Site "Chess.com"]
[Date "2019.07.02"]
[Round "5"]
[White "pulvettd"]
[Black "Lunaticx"]
[Result "0-1"]
[WhiteElo "2522"]
[BlackElo "2879"]
[TimeControl "180+2"]
[EndTime "14:09:25 PDT"]
[Termination "Lunaticx won on time"]

1. d4 Nf6 2. c4 e6 3. Nf3 d5 4.
g3 Be7 5. Bg2 O-O 6. O-O dxc4 7. Qc2 b6 8. Nfd2 c6 9. Nxc4 Qxd4 10.
Rd1 Qc5 11. Be3 Qh5 12. h3 Ba6 13. g4 Qg6 14. Qc1 Nbd7 15. b3 Nd5 16. Nc3 Bf6 17. Bd4 h5 18. Bxf6 gxf6 19. gxh5 Qxh5 20. Rd4 Kh8 21.
Ne4 Rg8 22. Ng3 Qh7 23. e4 e5 24. Rd1 Nf4 25. Rxd7 Rxg3 26. fxg3 Ne2+ 27. Kh2 Nxc1 28. Rxc1 Rg8 29. Nd6 Rf8 30. Rxc6 Be2 31. Rcc7 Bh5 32.
g4 Bg6 33. Rxa7 Kg8 34. Nf5 Bxf5 35. exf5 Qh6 36. Bd5 Qf4+ 37. Kg2 Qd2+ 38. Kg3 Qe3+ 39. Kg2 e4 40. Bxf7+ Kh8 41. Bd5 Qf3+ 42. Kg1 Qg3+ 43. Kf1 Qxh3+ 44. Ke1 Qe3+ 45. Kd1 Qd3+ 46. Ke1 Qe3+ 47.
Kd1 Qd3+ 48. Ke1 Qc3+ 49. Ke2 Qf3+ 50. Ke1 Qh1+ 51. Ke2 Qg2+ 52. Ke1 Qg1+ 53. Ke2 Qxg4+ 54. Kd2 Qf4+ 55. Kc2 Rc8+ 56. Bc4 Qxf5 57. Rd1 Qf2+ 58. Kb1 Qg2 59. Rdd7 Qg6 60. Rd1 e3+ 61. Ka1 Qg2 62.
Rdd7 Qh2 63. Re7 b5 0-1

[Event "*** Titled Tuesday Blitz"]
[Site "Chess.com"]
[Date "2019.07.02"]
[Round "5"]
[White "telarubo96"]
[Black "CarlssonLudvig"]
[Result "1-0"]
[WhiteElo "2333"]
[BlackElo "2368"]
[TimeControl "180+2"]
[EndTime "14:09:30 PDT"]
[Termination "telarubo96 won by resignation"]

1. e4 e5 2. Nf3 Nc6 3. Bb5 Nf6 4. d3 Ne7 5. h4 c6 6. Ba4 h5 7. Nc3 Ng6 8. d4 d6 9. Ng5 Nh7 10. Qxh5 Nxg5 11. Qxg5 Nxh4 12. Qxd8+ Kxd8 13. Bg5+ Be7 14. Rxh4 Rxh4 15. Bxh4 Bxh4 16. dxe5 dxe5 17. Ke2 Bf6 18. Rh1 g6 19. Bb3 Ke7 20. Na4 b6 21. Nc3 Ba6+ 22.
Kf3 Rh8 23. Rxh8 Bxh8 24. Ke3 Bg7 25. g3 Bh6+ 26. f4 exf4+ 27. gxf4 f6 28. Nd1 Bc8 29. Kf3 g5 30. fxg5 Bxg5 31. Ne3 Kd6 32. Bc4 Bxe3 33.
Kxe3 Ke5 34. Bd3 c5 35. Bc4 Bb7 36. Bd3 Bc6 37. b3 Bb7 38. c3 Bc6 39. b4 cxb4 40. cxb4 Be8 41. Bc4 Bg6 42. Bd5 Bh7 43. Bb7 Bg6 44.
Kd3 Bf7 45. a4 Bb3 46. a5 Be6 47. a6 Bb3 48. Kc3 Be6 49. Kd3 Ba2 50. Ke3 Bb1 51.
Ba8 Bc2 52. Bc6 Bb3 53. Bb7 Bc4 54. Bc8 Bf1 55. Bb7 Bb5 56. Bc8 Bc4 57. Bb7 Bf1 58.
Bc8 Bg2 59. Bb7 f5 60. exf5 Bxb7 61. axb7 1-0

[Event "*** Titled Tuesday Blitz"]
[Site "Chess.com"]
[Date "2019.07.02"]
[Round "5"]
[White "CalinGheorghiu"]
[Black "Orest_Vovk"]
[Result "0-1"]
[WhiteElo "2284"]
[BlackElo "2331"]
[TimeControl "180+2"]
[EndTime "14:09:46 PDT"]
[Termination "Orest_Vovk won on time"]

1. d4 h6 2. c4 g5 3. Nc3 Bg7 4. e4 c5 5. Nge2 cxd4 6. Nxd4 Nc6 7. Be3 d6 8. Be2 Nxd4 9. Bxd4 Bxd4 10. Qxd4 Nf6 11.
Nd5 Be6 12. Nxf6+ exf6 13. O-O Ke7 14. Rfd1 Qb6 15. Qd2 a5 16. Rac1 Qc5 17. b3 h5 18.
Rc3 h4 19. Rd3 Rad8 20. h3 b6 21. Bg4 Qe5 22. Qe3 Qc5 23. Qe2 Qe5 24. a3 f5 25. Rd5 Bxd5 26. Rxd5 Qxe4 27. Qxe4+ fxe4 28. Rxg5 Rh6 29. Kf1 d5 30. cxd5 Rhd6 31. Re5+ Kf6 32. Rxe4 Rxd5 33. Bf3 Rd4 34. Re1 Rd3 35. Rb1 Rc3 36.
Ke2 Rc2+ 37. Ke3 Rdd2 38. b4 a4 39. b5 Rxf2 40. Rb4 Rxg2 41. Bxg2 Rxg2 42. Rxa4 Rg3+ 43. Kf4 Rxh3 44. Kg4 Rb3 45. Rf4+ Kg6 46. a4 h3 47. Rf2 Rb4+ 48. Kxh3 Rxa4 49. Rc2 Re4 50. Rc6+ Re6 51.
Kg4 Kf6 52. Rc7 Re4+ 53. Kf3 Re5 54. Rc6+ Re6 55. Rc7 Kg6 56. Rc6 Kg7 57. Kf4 Kf6 58.
Rc7 Rd6 59. Rb7 Ke6 60. Rb8 Kd5 61. Rf8 Kc5 62. Rxf7 Kxb5 63. Ke5 Rd1 64. Rb7 Kc5 65. Ke4 b5 66. Ke3 b4 0-1

[Event "*** Titled Tuesday Blitz"]
[Site "Chess.com"]
[Date "2019.07.02"]
[Round "5"]
[White "Sanan_Sjugirov"]
[Black "JustaTrickstar"]
[Result "1-0"]
[WhiteElo "2966"]
[BlackElo "2850"]
[TimeControl "180+2"]
[EndTime "14:09:49 PDT"]
[Termination "Sanan_Sjugirov won by resignation"]

1. d4 f5 2. Bf4 Nf6 3. e3 g6 4. h4 c6 5. Nc3 d6 6. h5 Rg8 7.
hxg6 hxg6 8. Nf3 b5 9. a3 Nbd7 10. Bd3 Nb6 11. e4 fxe4 12. Nxe4 Bg4 13. Qe2 Nxe4 14.
Bxe4 Qd7 15. O-O-O O-O-O 16. Bg5 Re8 17. Rh4 Bf5 18. Rh7 Rg7 19. Rh8 Rf7 20. Bxf5 Rxf5 21.
Rdh1 Nd5 22. R1h7 Nc7 23. g4 Rd5 24. Qe4 Kb7 25. Be3 Ne6 26. Qxg6 Nc7 27. Qe4 Ne6 28. g5 Nc7 29. g6 Qe6 30. Qxe6 Nxe6 31. Rf7 Kc7 32. c3 Kd7 33. Kc2 Bg7 34. Rh7 Rg8 35. Bh6 Bf6 36. Rxf6 Rh5 37. Rff7 Rxg6 38. Rxe7+ Kd8 39.
Rxa7 Ke8 40. Ra8+ Nd8 41. Rh8+ Kf7 42. Rhxd8 Rhxh6 43. Ra7+ Ke6 44. Re8+ Kd5 45. Nd2 Rf6 46. Rg7 Rh5 47. b3 Rxf2 48. Rg4 c5 49. c4+ bxc4 50.
bxc4+ Kc6 51. d5+ Kd7 52. Rge4 Rh7 53. Re2 Rxe2 54. Rxe2 Kc7 55. Re3 Rh2 56. Rb3 Rh8 57. a4 Ra8 58. Ra3 Kb6 59. Nb3 Rh8 60. a5+ Ka6 61. Nd2 Rh2 62. Rg3 Rh6 63. Ra3 Rh2 64.
Ra1 Rg2 65. Kd3 Rg3+ 66. Ke2 Rg2+ 67. Ke3 Rg3+ 68. Kf4 Rd3 69. Ne4 Rd4 70. Rc1 Kxa5 71. Kf5 Kb4 72. Nxd6 Kb3 73. Ke6 Kb2 74. Rh1 Rg4 75.
Kd7 Kc3 76. Kc6 1-0

[Event "*** Titled Tuesday Blitz"]
[Site "Chess.com"]
[Date "2019.07.02"]
[Round "5"]
[White "Artur0208"]
[Black "JonahWillow"]
[Result "0-1"]
[WhiteElo "2750"]
[BlackElo "2718"]
[TimeControl "180+2"]
[EndTime "14:09:54 PDT"]
[Termination "JonahWillow won by resignation"]

1. d4 Nf6 2. c4 c5 3. d5 e6 4.
Nc3 exd5 5. cxd5 d6 6. e4 g6 7. h3 Bg7 8. Nf3 O-O 9. Bd3 b5 10. Nxb5 Re8 11. O-O Nxe4 12. Re1 a6 13. Nc3 Nxc3 14.
bxc3 Bxc3 15. Rxe8+ Qxe8 16. Rb1 Nd7 17. Qa4 Nf6 18.
Qc4 Ba5 19. Bb2 Bd8 20. Re1 Qf8 21. Qf4 Nxd5 22. Qe4 Rb8 23. Ba1 Nb4 24. Bc4 Bf5 25. Qe2 Nc2 26. Rc1 Nxa1 27. Rxa1 Bf6 28. Rd1 Qe7 29.
Qd2 Rb6 30. Re1 Qd7 31. Qa5 Rb4 32. Qxa6 Ra4 33. Qb5 Qxb5 34. Bxb5 Rxa2 35. Bc4 Ra1 36. Rxa1 Bxa1 37. Nd2 Be6 38. Bxe6 fxe6 39. Ne4 Be5 40.
g3 c4 41. Kf1 d5 42. Ng5 d4 43.
Nxe6 d3 44. f4 c3 45. Nc5 d2 46. Ke2 Bd4 47. Ne4 Kf7 48. g4 h6 49. f5 gxf5 50.
gxf5 Be5 51. Kd1 Ke7 52. Kc2 Kd7 53. Kd1 Kc6 54. f6 Kd7 55. Nf2 Bxf6 56. Ng4 Bg7 57. Ne3 Ke6 58. Kc2 Bd4 59. Ng4 h5 60.
Nh2 Kf5 61. Nf3 Bf6 62. Nxd2 cxd2 63. Kxd2 Kf4 64. h4 Bxh4 65. Ke2 Kg3 66. Kf1 Kh2 67. Ke2 Kg2 68. Ke3 Bg3 69. Ke2 h4 70. Ke3 h3 71.
Ke2 h2 72. Ke3 h1=Q 73. Kd3 Qe1 74. Kc4 Kf3 75. Kb5 Qc1 0-1

[Event "*** Titled Tuesday Blitz"]
[Site "Chess.com"]
[Date "2019.07.02"]
[Round "5"]
[White "eldur16"]
[Black "andrzej"]
[Result "1-0"]
[WhiteElo "2577"]
[BlackElo "2316"]
[TimeControl "180+2"]
[EndTime "14:09:55 PDT"]
[Termination "eldur16 won by resignation"]

1. e4 c5 2. Ne2 e6 3. d4 cxd4 4. Nxd4 d6 5. c4 a6 6. Nc3 b6 7. Bd3 Bb7 8. O-O Nf6 9. Qe2 Nbd7 10. Nf3 Qc7 11. Bf4 Ne5 12. Nxe5 dxe5 13. Be3 Nd7 14.
Rad1 Bc5 15. Kh1 O-O 16. Na4 Bxe3 17. Qxe3 Rac8 18. b3 Nc5 19. Nxc5 Qxc5 20. Qxc5 bxc5 21. f3 Rfd8 22. Kg1 Rd4 23. Kf2 Rcd8 24. Ke3 g6 25. Bc2 f5 26. g3 Kf7 27. Rxd4 Rxd4 28. Bd3 a5 29. a3 Ba6 30. Rc1 Kf6 31. Be2 g5 32.
Bd3 h6 33. g4 f4+ 34. Ke2 Rd7 35. h3 Rh7 36. Kf2 h5 37. Bf1 hxg4 38. hxg4 Rb7 39. Rc3 Rd7 40. Rd3 Rd4 41. Ke1 Ke7 42. Kd2 Kd6 43. Kc3 Kc6 44. Rd2 Kb6 45. Rh2 Rd1 46. Be2 Re1 47. Kd2 Rb1 48. Rh6 Rxb3 49. Rxe6+ Ka7 50.
Rxe5 Kb6 51. Rxg5 Rb2+ 52. Kd1 Rb1+ 53. Kc2 Re1 54. Rg6+ Ka7 55. Bd3 Re3 56. Rf6 Rxf3 57. g5 Rg3 58. g6 f3 59. e5 Rg2+ 60. Kc3 f2 61. Rf7+ Kb6 62. g7 Bb7 63. Bh7 Rxg7 64. Rf6+ Kc7 65. Bd3 Rg2 66. Rf7+ Kb8 67. Rxb7+ Kxb7 68. Be4+ Kc7 69. Bxg2 Kd7 70. Kd3 Ke6 71. Ke4 a4 72. Bh3+ Ke7 73. Kd5 1-0

[Event "*** Titled Tuesday Blitz"]
[Site "Chess.com"]
[Date "2019.07.02"]
[Round "5"]
[White "Yoshkinkot"]
[Black "MFBerna"]
[Result "1-0"]
[WhiteElo "2540"]
[BlackElo "2405"]
[TimeControl "180+2"]
[EndTime "14:10:19 PDT"]
[Termination "Yoshkinkot won by resignation"]

1. e4 c6 2. d3 d5 3. Nd2 e5 4. g3 Nf6 5. Bg2 Bc5 6. Ngf3 Nbd7 7. O-O O-O 8. c3 Re8 9. Qe2 Bb6 10. a4 a5 11. Rd1 Bc7 12. Nf1 Nf8 13. Ne3 Ng6 14. Qc2 Qe7 15. b3 Bb6 16. Ba3 Qc7 17. b4 axb4 18. Bxb4 h6 19. c4 Bxe3 20. fxe3 dxe4 21. dxe4 Qb6 22. Bd2 Qc5 23. Ne1 Be6 24. Bf1 Rad8 25.
Nd3 Qxc4 26. Qxc4 Bxc4 27. Nf2 Bb3 28. Rdb1 Bc2 29. Ba5 Ra8 30. Rc1 Rxa5 31. Rxc2 Rea8 32. Rb1 R8a7 33. Rcb2 Rxa4 34. Rxb7 Rxb7 35. Rxb7 Nxe4 36. Bd3 Nxf2 37. Kxf2 e4 38. Be2 Ne5 39. Ke1 Ra1+ 40. Kf2 Ra2 41. Kf1 g6 42. Re7 Nf3 43. Kf2 f5 44. h4 Kf8 45. Rc7 Ne5 46. Kf1 Rc2 47.
h5 gxh5 48. Bxh5 c5 49. Rh7 c4 50. Rxh6 Ke7 51. Rh7+ Kd6 52. Rh6+ Kc5 53. Rf6 c3 54. Rxf5 Kd6 55. Rf6+ Kd5 56. Bf7+ Kc5 57. Rf5 Kd6 58.
Rf6+ Kc5 59. Rf5 Kd6 60. Rf6+ Kd7 61. Bd5 Nf3 62. g4 Rd2 63. Bxe4 Nh2+ 64. Ke1 Nxg4 65. Bf5+ Ke7 66. Re6+ Kf7 67. Bxg4 Rg2 68. Bf5 c2 69. Rc6 Rh2 70. Rxc2 Rh1+ 71. Kd2 Kf6 72. e4 Ke5 73. Kc3 Rh6 74. Rd2 Rc6+ 75. Kd3 Ra6 76. Ke3 Rh6 77.
Rd5+ Kf6 78. Rd6+ 1-0

[Event "*** Titled Tuesday Blitz"]
[Site "Chess.com"]
[Date "2019.07.02"]
[Round "5"]
[White "Airquake"]
[Black "josiwales"]
[Result "1/2-1/2"]
[WhiteElo "2663"]
[BlackElo "2483"]
[TimeControl "180+2"]
[EndTime "14:10:22 PDT"]
[Termination "Game drawn by agreement"]

1. e4 c5 2. Nf3 Nc6 3. Bb5 g6 4. O-O Bg7 5. c3 Nf6 6. Re1 O-O 7. d3 Qc7 8. Nbd2 a6 9. Ba4 b5 10. Bc2 Bb7 11. Nf1 d5 12. e5 Nd7 13. d4 e6 14.
h4 h5 15. Ng5 cxd4 16. cxd4 Nxd4 17. Bxg6 fxg6 18. Qxd4 Bxe5 19. Qd3 Rf6 20. Bd2 Raf8 21. Rac1 Qb6 22. Nf3 Bxb2 23. Rc2 Ne5 24. Rxe5 Bxe5 25. Bg5 Bd6 26. Bxf6 Rxf6 27. Qd2 Kg7 28. Ng5 Bc5 29. Nh2 Bxf2+ 30. Qxf2 Rxf2 31. Rxf2 e5 32. Kf1 d4 33.
Rf7+ Kg8 34. Re7 Qc6 35. Nhf3 Qc1+ 36. Kf2 Qe3+ 37. Kg3 Qf4+ 38. Kf2 Bxf3 39. Re8+ Kg7 40. Ne6+ Kf7 41. Nxf4 Kxe8 42. Nxg6 Bd5 43. Nxe5 Bxa2 44.
Nc6 d3 45. Nb4 d2 46. Ke2 Bb3 47. Kxd2 a5 48. Nc6 a4 49. Kc3 Bd5 50. Nd4 Bc4 51.
Nf5 Kd7 52. Ng7 Be2 53. Nf5 Kc7 54. Nd4 Bc4 55. Nf3 Kd6 56. Ng5 Kc5 57. Ne4+ Kb6 58.
Nf6 Be2 59. g4 hxg4 60. h5 g3 61. h6 g2 62. h7 g1=Q 63. h8=Q Qc1+ 64. Kd4 Qc4+ 65.
Ke3 Qd3+ 66. Kf2 Qf3+ 67. Ke1 Bc4 68. Qd8+ Kc5 69. Qe7+ Kd4 70. Kd2 Qf2+ 71. Kd1 Qf1+ 72. Kd2 Qd3+ 73. Ke1 Qe3+ 74. Qxe3+ Kxe3 75. Kd1 Kd3 76.
Kc1 Kc3 77. Ne4+ Kb4 78. Kb2 a3+ 79. Ka1 Bd3 80. Nd6 Ka4 81. Nxb5 Bxb5 82. Ka2 Bc4+ 83. Ka1 1/2-1/2

[Event "*** Titled Tuesday Blitz"]
[Site "Chess.com"]
[Date "2019.07.02"]
[Round "5"]
[White "riconaipe"]
[Black "Siniauski"]
[Result "1-0"]
[WhiteElo "2490"]
[BlackElo "2431"]
[TimeControl "180+2"]
[EndTime "14:10:56 PDT"]
[Termination "riconaipe won by checkmate"]

1. d4 Nf6 2. c4 e6 3. Nc3 d5 4. Nf3 b6 5. cxd5 exd5 6. Bg5 Be7 7. e3 O-O 8. Bd3 Bb7 9. O-O h6 10. Bh4 c5 11. Ne5 Nfd7 12. Bxe7 Qxe7 13. f4 Nxe5 14. fxe5 Nd7 15. Qf3 Rad8 16. Rad1 c4 17. Bb1 f6 18. Nxd5 Qf7 19. Ne7+ Qxe7 20. Qxb7 fxe5 21.
Qd5+ Kh8 22. Qxc4 exd4 23. exd4 Rxf1+ 24. Rxf1 Rf8 25. Rxf8+ Nxf8 26. Qf1 Kg8 27. Kh1 Qd6 28. Qd3 Ne6 29. d5 Nf4 30. Qh7+ Kf7 31. Qf5+ Ke7 32. Be4 g6 33. Qg4 Qe5 34. Qf3 Kd6 35. h3 Nxd5 36.
Bxd5 Qxd5 37. Qf8+ Kc6 38. Qa8+ Kc5 39. Qf8+ Kc4 40.
Qf4+ Kd3 41. Qxh6 Qf5 42. Qc1 Ke2 43. Qc4+ Kf2 44. Qd4+ Ke2 45. Qc4+ Kf2 46. Qd4+ Ke2 47.
Kg1 Qb1+ 48. Kh2 Qf5 49. Kg3 Ke1 50. Qe3+ Kd1 51. Qf3+ Qxf3+ 52. gxf3 Kc2 53. h4 Kxb2 54.
f4 Kxa2 55. f5 gxf5 56. h5 b5 57. h6 b4 58. h7 b3 59. h8=Q b2 60. Qg8+ Ka1 61.
Qg7 Ka2 62. Qf7+ Ka1 63. Qf6 Ka2 64. Qe6+ Ka1 65. Qf6 Ka2 66. Qf7+ Kb1 67. Qxa7 Kc1 68. Qc5+ Kd1 69. Qd4+ Kc2 70. Qc4+ Kd2 71. Qb4+ Kc1 72.
Qc3+ Kb1 73. Kf4 Ka2 74. Qa5+ Kb3 75. Qb5+ Kc2 76. Qc4+ Kd2 77. Qb3 Kc1 78. Qc3+ Kb1 79. Kxf5 Ka2 80. Qa5+ Kb3 81. Qb5+ Kc2 82. Qc4+ Kd2 83.
Qb3 Kc1 84. Qc3+ Kb1 85. Ke4 Ka2 86. Qa5+ Kb3 87. Qb5+ Kc2 88. Qc4+ Kd2 89. Qb3 Kc1 90.
Qc3+ Kb1 91. Kd3 Ka2 92. Qa5+ Kb3 93. Qb5+ Ka2 94. Kc2 b1=Q+ 95. Qxb1+ Ka3 96. Qb3# 1-0

[Event "*** Titled Tuesday Blitz"]
[Site "Chess.com"]
[Date "2019.07.02"]
[Round "5"]
[White "Ali_rastbod"]
[Black "G_Threepwood"]
[Result "0-1"]
[WhiteElo "2733"]
[BlackElo "2487"]
[TimeControl "180+2"]
[EndTime "14:11:01 PDT"]
[Termination "G_Threepwood won by resignation"]

1. c4 Nf6 2. Nc3 c5 3. Nf3 Nc6 4. e3 d5 5. cxd5 Nxd5 6. Bb5 e6 7. O-O Be7 8. Ne5 Qc7 9. Nxc6 bxc6 10. Bc4 O-O 11.
Ne4 Rd8 12. a3 Rb8 13. Qc2 Qe5 14. Bd3 f5 15. f4 Qc7 16. Nxc5 Nxe3 17. dxe3 Bxc5 18.
Qc4 Rd5 19. b4 Be7 20. Be2 Bf6 21. Ra2 Qd6 22. Rc2 Bb7 23. Bf3 Rd3 24. e4 Qd4+ 25.
Qxd4 Bxd4+ 26. Kh1 c5 27. bxc5 Bxe4 28. Bxe4 fxe4 29.
Re1 e3 30. g3 Rc8 31. c6 Kf7 32. Kg2 Ke7 33. Kf3 Kd6 34. Bxe3 Bxe3 35. Rxe3 Rxe3+ 36. Kxe3 Rxc6 37. Rxc6+ Kxc6 38. Ke4 Kd6 39. Kd4 Kc6 40.
Ke5 Kd7 41. g4 Ke7 42. h4 g6 43. g5 a6 44. a4 a5 45. Ke4 Kd7 46. Kd3 Kc7 47. Kc4 Kc6 48. Kd4 Kd6 49. Ke4 Kd7 50. Ke3 Ke7 51. Kd3 Kd7 52. Kc3 Kc7 53. Kd2 Kd6 54. Kd3 Kd5 55. Ke3 e5 56. fxe5 Kxe5 57.
Kf3 Kf5 58. Kg3 Ke4 59. Kg4 Ke3 60. Kg3 Ke4 61. Kg4 Ke5 62. Kg3 Kd5 63. Kf4 Kd4 64. Kf3 Kc4 65. Ke4 Kb4 66. Ke5 Kxa4 67. Kf6 Kb5 68.
Kg7 a4 69. Kxh7 a3 70. Kxg6 a2 71. Kh7 a1=Q 72. h5 Qe5 73. Kh6 Qh8+ 74. Kg6 Qg8+ 75. Kh6 Kc6 76. g6 Kd6 77. g7 Ke6 78. Kg6 Qf7+ 79. Kh6 Qg8 80. Kg6 Ke7 81. Kh6 Kf7 0-1

[Event "*** Titled Tuesday Blitz"]
[Site "Chess.com"]
[Date "2019.07.02"]
[Round "5"]
[White "DrVitman"]
[Black "GrigorGrigorov"]
[Result "0-1"]
[WhiteElo "2701"]
[BlackElo "2781"]
[TimeControl "180+2"]
[EndTime "14:11:06 PDT"]
[Termination "GrigorGrigorov won on time"]

1. e4 c6 2. d3 d5 3. f4 dxe4 4. dxe4 Qxd1+ 5. Kxd1 e5 6. f5 g6 7. Bd3 Bh6 8. Nf3 Bxc1 9. Kxc1 f6 10. g4 Nd7 11.
Nc3 Ke7 12. Kd2 Nh6 13. Rhg1 Nf7 14. g5 Nxg5 15. Nxg5 fxg5 16. Rxg5 Nf8 17. fxg6 hxg6 18. Rh1 Kf6 19. Rg3 Ne6 20. h4 Nf4 21. Ne2 Be6 22. Ke3 Nxe2 23. Bxe2 Rh6 24. h5 gxh5 25. Rxh5 Rxh5 26. Bxh5 Rh8 27. Rg6+ Ke7 28. Rg7+ Kd6 29. Bg4 Bxg4 30. Rxg4 Rh3+ 31. Kd2 Kc5 32. Rg7 b5 33. Rxa7 Kd4 34. Rd7+ Kxe4 35. Rc7 Kd5 36. Rd7+ Kc4 37. Re7 Rh2+ 38. Kd1 Kd4 39. c3+ Kd3 40. Rd7+ Ke3 41. Kc1 e4 42. Rd6 c5 43. Rd5 c4 44.
Rxb5 Ke2 45. Rc5 e3 46. Rxc4 Kf3 47. Rc8 Rh1+ 48. Kc2 e2 49. Rf8+ Ke3 50. Re8+ Kf3 51. Rf8+ Kg4 52. Re8 e1=Q 53. Rxe1 Rxe1 54. Kd3 Kf5 55. Kd4 Re2 56. b4 Rxa2 57. c4 Ke6 58. Kc5 Kd7 59. Kb6 Kc8 60. c5 Rb2 61. b5 Ra2 62. Kc6 Ra1 63. Kb6 Rh1 64. Ka7 Rh7+ 65. Ka6 Kb8 66. Kb6 Rh6+ 67. c6 Rg6 68. Ka6 Kc7 69.
Ka7 Rg1 70. b6+ Kxc6 71. b7 Ra1+ 72. Kb8 Kb6 73. Kc8 Rc1+ 74. Kb8 Rc2 75. Ka8 Ra2+ 76. Kb8 Ra7 77. Kc8 Rxb7 78. Kd8 Rc7 79. Ke8 Kc6 80.
Kf8 Kd6 81. Ke8 Rd7 82. Kf8 Ke6 83. Kg8 Rf7 84. Kh8 Kf6 85. Kg8 Kg6 0-1

[Event "*** Titled Tuesday Blitz"]
[Site "Chess.com"]
[Date "2019.07.02"]
[Round "5"]
[White "Everyfishknows"]
[Black "Olga_Zhuravleva"]
[Result "1-0"]
[WhiteElo "2287"]
[BlackElo "2140"]
[TimeControl "180+2"]
[EndTime "14:11:26 PDT"]
[Termination "Everyfishknows won by resignation"]

1. Nf3 Nf6 2. c4 e6 3. g3 b6 4. Bg2 Bb7 5. O-O c5 6. b3 Be7 7. Bb2 O-O 8. e3 d6 9. Nc3 Nbd7 10. d4 a6 11. Qe2 Re8 12. Rac1 Rc8 13. Rfd1 Bf8 14. a3 Qc7 15. d5 exd5 16. Nxd5 Bxd5 17.
cxd5 b5 18. b4 c4 19. Nd4 Ne5 20. h3 h6 21. Nf5 Qd7 22. Nd4 Nd3 23. Rb1 Nxb2 24.
Rxb2 g6 25. Rc2 Bg7 26. Qf3 Ne4 27. Qg4 Qxg4 28. hxg4 Nf6 29. Bf3 Nd7 30. Be2 Nb6 31. Bf3 Bxd4 32. Rxd4 Re5 33. e4 Re7 34. Bg2 Nd7 35. f4 Nf6 36. Bf3 Kg7 37. Kf2 Rce8 38. Re2 Nd7 39. Kg2 Nb6 40. Kf2 Kf6 41. e5+ dxe5 42. fxe5+ Rxe5 43. Rxe5 Rxe5 44. d6 Re8 45. Bc6 Rd8 46. d7 Ke7 47. Re4+ Kd6 48. Re8 Kc7 49. Ke3 Nxd7 50. Rxd8 Kxd8 51. Bb7 Nb8 52. Kd4 Ke7 53. Kc5 Kd7 54. Kd4 Kc7 55. Bd5 f6 56. a4 Nc6+ 57. Kc3 Kd6 58. Be4 g5 59. axb5 axb5 60. Bf5 Ne5 61. Kd4 Nf3+ 62. Kc3 Ke5 63. Bd7 Nd4 64.
Be8 Ke4 65. Bg6+ Ke3 66. Be8 Ne2+ 67. Kc2 Nxg3 68. Bxb5 Kd4 69. Bd7 Nf1 70. b5 Ne3+ 71. Kd2 Nd5 72. Bf5 c3+ 73. Kc2 Ne3+ 74. Kb3 Nc4 75. Be6 Na5+ 76. Kc2 Ke5 77. Bc8 Kd4 78. b6 Nc6 79. b7 Nb8 80. Bf5 Ke5 81. Bc8 h5 82.
gxh5 f5 83. h6 Kf6 84. Bxf5 g4 85. Bxg4 Kg6 86. Kxc3 Kxh6 87. Kd4 Kg7 88. Ke5 Kf7 89. Kd6 Ke8 90. Kc7 Na6+ 91. Kb6 Nb8 92. Kc7 Na6+ 93.
Kc8 Ke7 94. Be2 Nc5 1-0

[Event "*** Titled Tuesday Blitz"]
[Site "Chess.com"]
[Date "2019.07.02"]
[Round "5"]
[White "Alexander_Moskalenko"]
[Black "Oleksandr_Bortnyk"]
[Result "1-0"]
[WhiteElo "2867"]
[BlackElo "2937"]
[TimeControl "180+2"]
[EndTime "14:11:39 PDT"]
[Termination "Alexander_Moskalenko won by resignation"]

1. e4 g6 2. d4 Bg7 3. Nc3 d6 4. Be3 a6 5. Qd2 b5 6. O-O-O Nd7 7. f3 Bb7 8. h4 h5 9. Nh3 e6 10.
Ng5 Ne7 11. Ne2 Nb6 12. Nf4 Qd7 13. g4 hxg4 14. fxg4 Bf6 15. Bd3 Bxg5 16. hxg5 O-O-O 17. Rh6 Kb8 18. Rf1 e5 19. Ne2 Nec8 20. dxe5 dxe5 21.
Qc3 Rhf8 22. Rh7 Nd6 23. Bxb6 cxb6 24. Qxe5 Ka8 25. Qf4 Nc4 26. Bxc4 bxc4 27. Nc3 b5 28. a3 Qe7 29. Qf6 Rd7 30. e5 Re8 31. Re1 Qe6 32.
Rh8 Rxh8 33. Qxh8+ Ka7 34. Qh4 Qb6 35. Qg3 a5 36.
Qe3 Qxe3+ 37. Rxe3 Kb6 38. Ne2 Kc5 39. c3 Bd5 40.
Nd4 Be6 41. Kd2 Bxg4 42. Re1 Re7 43. Re4 Bd7 44. Rf4 Kd5 45. Nf3 Bf5 46. Rd4+ Kc5 47. Ke3 Be6 48. Kf4 Bd5 49. Nd2 b4 50. axb4+ axb4 51. Nf1 bxc3 52. bxc3 Ra7 53. Ne3 Be6 54. Rd2 Ra3 55.
Rc2 Ra1 56. Rb2 Rc1 57. Rc2 Rh1 58. Ra2 Rh4+ 59. Kf3 Bd5+ 60. Kg3 Re4 61. Ra5+ Kb6 62. Rxd5 Rxe3+ 63. Kf2 Rxc3 64. Rd7 Rd3 65. Rxf7 c3 66. Ke2 Rd5 67. e6 c2 68. Rf1 Rxg5 69. Kd2 Re5 70. Rf6 g5 71. e7+ Kc5 72. Rf5 Rxf5 73. e8=Q Rf2+ 74. Kc1 Kd4 75. Qe7 Rg2 76. Qb7 Rh2 77.
Qg7+ Ke4 78. Qxg5 Kf3 79. Qg6 Rg2 80. Qd3+ Kg4 81. Qe3 Rh2 82. Kb2 Rg2 83. Qe6+ Kg3 84. Qh6 Kg4 85. Kc3 Rf2 86. Kd3 Kg3 87. Qg5+ Kf3 88.
Qc1 Kg2 89. Ke3 Rf3+ 90. Ke4 Rf2 91. Qg5+ Kf1 92. Kd3 Rh2 93. Qc1+ Kg2 94. Qxc2+ Kg3 95. Qc7+ Kh3 96. Ke3 Ra2 97. Qh7+ Kg2 98. Qg8+ Kh1 99.
Qxa2 1-0

[Event "*** Titled Tuesday Blitz"]
[Site "Chess.com"]
[Date "2019.07.02"]
[Round "5"]
[White "ahkashefi2800"]
[Black "Mazanchenko_Dmitry"]
[Result "1-0"]
[WhiteElo "2062"]
[BlackElo "2216"]
[TimeControl "180+2"]
[EndTime "14:11:56 PDT"]
[Termination "ahkashefi2800 won by checkmate"]

1. d4 g6 2. Nf3 Bg7 3. Bf4 d6 4. e3 Nc6 5. Be2 e5 6. dxe5 dxe5 7. Qxd8+ Kxd8 8. Bg3 e4 9. Nd4 Nxd4 10. exd4 Bxd4 11. c3 Bg7 12. Nd2 f5 13. O-O-O Bd7 14. Nxe4 fxe4 15.
Bg4 Nf6 16. Bh4 Bh6+ 17. Kb1 g5 18. Bxd7 Nxd7 19. Rd5 c6 20. Bxg5+ Kc7 21. Rxd7+ Kxd7 22. Bxh6 Ke6 23. Re1 Kf5 24. h3 Rhe8 25. Be3 b6 26. Kc2 Rad8 27. a4 Rd7 28. Ra1 h5 29. a5 b5 30. a6 h4 31. Rf1 Rg8 32. g4+ hxg3 33.
fxg3+ Ke6 34. Bf4 Rf7 35. Re1 Kf5 36. Bd6 Re8 37. Bf4 c5 38. c4 b4 39. Kb3 Re6 40. Ra1 e3 41. Re1 e2 42. Kc2 Rd7 43.
Bd2 Rdd6 44. g4+ Kg6 45. h4 Rxa6 46. h5+ Kh7 47. g5 Rab6 48. g6+ Kg7 49. Rg1 Rbd6 50. h6+ Kg8 51. g7 Rxh6 52. Bxh6 Rxh6 53. Kd2 Re6 54.
Ke1 Re7 55. Rg5 a5 56. Rxc5 a4 57. Rb5 a3 58. Rxb4 axb2 59. Rxb2 Kxg7 60. Rxe2 Rc7 61.
Re4 Kf6 62. Kd2 Kf5 63. Kd3 Ra7 64. Re8 Ra3+ 65. Kd4 Kf6 66. c5 Kf7 67. Re1 Ra4+ 68. Kd5 Ra2 69. c6 Rd2+ 70. Kc5 Rc2+ 71. Kd6 Rd2+ 72.
Kc7 Rd3 73. Kb8 Rb3+ 74. Kc8 Rc3 75. c7 Rd3 76. Rb1 Ke7 77. Kb8 Rc3 78. c8=Q Rxc8+ 79.
Kxc8 Kd6 80. Rb6+ Kd5 81. Rh6 Ke5 82. Kd7 Kf5 83. Ra6 Ke5 84. Rb6 Kd4 85. Rb5 Kc4 86.
Rh5 Kd4 87. Ke6 Kc4 88. Kd6 Kb4 89. Rc5 Kb3 90. Kd5 Kb2 91. Kd4 Kb3 92. Rc8 Kb2 93. Kd3 Kb3 94. Rb8+ Ka4 95. Kc3 Ka5 96. Rb1 Ka6 97.
Kc4 Ka5 98. Rb2 Ka6 99. Kc5 Ka7 100. Kc6 Ka8 101. Kc7 Ka7 102. Ra2# 1-0

[Event "*** Titled Tuesday Blitz"]
[Site "Chess.com"]
[Date "2019.07.02"]
[Round "5"]
[White "Andrii_Prydun"]
[Black "NeverEverForever1990"]
[Result "1/2-1/2"]
[WhiteElo "2289"]
[BlackElo "2429"]
[TimeControl "180+2"]
[EndTime "14:12:35 PDT"]
[Termination "Game drawn by agreement"]

1. d4 Nf6 2. Nf3 g6 3. Bg5 Bg7 4. Nbd2 h6 5. Bh4 O-O 6. e4 d5 7.
e5 Ne4 8. Bd3 Bf5 9. O-O c5 10. Re1 Nxd2 11. Qxd2 Bxd3 12. cxd3 cxd4 13. Nxd4 Nc6 14. Nxc6 bxc6 15. Rac1 Qd7 16. d4 g5 17. Bg3 f5 18. f4 g4 19. Rc5 e6 20. Rec1 Rfc8 21.
Qc2 Rab8 22. b3 Rb6 23. Ra5 Bf8 24. Be1 Qb7 25. Ra4 Ra6 26. Rxa6 Qxa6 27. b4 h5 28. Qb2 Qb6 29. Qc3 Be7 30. a3 Kf7 31. Bf2 h4 32.
Qb3 a5 33. Qa4 axb4 34. axb4 Qxb4 35. Qxb4 Bxb4 36. Bxh4 c5 37. dxc5 d4 38. Bf2 d3 39.
Rb1 Bxc5 40. Rb7+ Kg6 41. Rd7 Bxf2+ 42. Kxf2 Rc2+ 43. Kg3 Rc3 44. Kh4 Rc2 45. Kg3 d2 46. Rd6 Kf7 47. h3 gxh3 48. Kxh3 Ke7 49. g3 Ra2 50.
Kh4 Kf7 51. Kg5 Ke7 52. Kg6 Rc2 53. Kg5 Rb2 54. g4 Rb1 55. Rxd2 Rg1 56. Ra2 Rxg4+ 57. Kh6 Rxf4 58. Ra7+ Ke8 59. Kg6 Rc4 60. Kf6 Rc6 61. Re7+ Kd8 62. Rh7 Kc8 63. Re7 Kd8 64. Rh7 Rb6 65.
Rh4 Kd7 66. Rd4+ Ke8 67. Rh4 Ra6 68. Rh8+ Kd7 69. Rh7+ Kc8 70. Re7 f4 71. Rf7 Kd8 72. Kg5 Ra5 73. Kxf4 Ke8 74. Rb7 Rc5 75. Rh7 Kf8 76. Rd7 Ke8 77. Ra7 Rd5 78. Rb7 Rd7 79. Rb6 Rf7+ 80. Ke4 Re7 81. Kf4 Kf7 82. Rb8 Ra7 83.
Rh8 Kg7 84. Re8 Kf7 85. Rh8 Rd7 86. Rh7+ Ke8 87. Rh6 Ke7 88. Kg5 Rd1 89. Rh7+ Ke8 90. Kf6 Ra1 91. Rh8+ Kd7 92. Rh7+ Ke8 93. Re7+ Kf8 94.
Rb7 Ke8 95. Rb6 Kd7 96. Rd6+ Ke8 97. Rxe6+ Kf8 98. Rb6 Ra8 99. e6 Ke8 100. Rb7 Kf8 101. Rh7 Kg8 102. Rg7+ Kf8 103. Rf7+ Kg8 104. Rc7 Kf8 105. Rd7 Rb8 106. Rh7 Kg8 107. Rc7 Kf8 108. Rd7 Ra8 109. Rf7+ Kg8 110. Rb7 Kf8 1/2-1/2